 Dungeon Crawl Stone Soup version 0.18-a0-1426-g3b9a63c (webtiles) character file.

61793 chei the Carver (level 15, -5/133 HPs)
             Began as a Naga Fighter on Feb 27, 2016.
             Was the Champion of Qazlal.
             Slain by Snorg (20 damage)
             ... on level 8 of the Lair of Beasts.
             The game lasted 00:38:28 (19446 turns).

chei the Carver (Naga Fighter)                     Turns: 19446, Time: 00:38:29

Health: -5/133     AC: 24    Str: 23 (25) XL:     15   Next: 4%
Magic:  26/26      EV: 16    Int: 11      God:    Qazlal [******]
Gold:   1573       SH: 20    Dex: 11 (12) Spells: 1 memorised, 11 levels left

rFire  . . .     SeeInvis +     q - +3 double sword (flame)
rCold  + . .     Gourm    .     B - +3 leather armour {rC+}
rNeg   . . .     Faith    +     c - +0 shield
rPois  +         Spirit   .     A - +1 helmet
rElec  .         Dismiss  .     d - +2 cloak {+Inv}
rCorr  .         Reflect  .     w - +0 pair of gloves
SustAt .         Harm     .     (no barding)
MR     +....     Clarity  +     u - amulet of faith
Stlth  +.........               (no ring)
                                K - +4 ring of protection

@: about to teleport, protected from physical damage, repel missiles, very slow,
somewhat resistant to hostile enchantments, very unstealthy
A: repulsion field 1, thin skeletal structure 1, see invisible, clarity,
deformed body, deterioration 1, high mp 1, sense surroundings 1, poison
resistance, slowness 2, slow metabolism 1, spit poison 2, strong 1, constrict 1,
AC +5
a: Spit Poison, Upheaval, Elemental Force, Disaster Area, Renounce Religion,
Evoke Invisibility


You were on level 8 of the Lair of Beasts.
You worshipped Qazlal.
Qazlal was exalted by your worship.
You were hungry.

You visited 4 branches of the dungeon, and saw 21 of its levels.
You also visited: Volcano.

You collected 1885 gold pieces.
You spent 312 gold pieces at shops.

Inventory:

Hand Weapons
 q - a +3 double sword of flaming (weapon)
Armour
 b - a +0 scale mail
 c - a +0 shield (worn)
 d - a +2 cloak of invisibility (worn)
 w - a +0 pair of gloves (worn)
 A - a +1 helmet (worn)
 B - a +3 leather armour of cold resistance (worn)
 L - a fire dragon hide
Magical Staves
 I - an uncursed staff of energy
Jewellery
 u - an amulet of faith (around neck)
 J - an uncursed amulet of magic regeneration
 K - a +4 ring of protection (left hand)
 Q - an uncursed amulet of guardian spirit
Wands
 h - a wand of flame (38/48)
 m - a wand of slowing (32/48)
 x - a wand of lightning (10/15)
 D - a wand of acid (5/15)
 T - a wand of acid (12/15)
Scrolls
 a - 2 scrolls of fear
 l - 7 scrolls of remove curse
 o - a scroll of noise
 p - 6 scrolls of amnesia
 s - a scroll of acquirement {unknown}
 C - 2 scrolls of immolation
Potions
 e - 2 potions of flight
 g - 5 potions of heal wounds
 i - 7 potions of curing
 k - 3 potions of brilliance
 r - 4 potions of cancellation
 t - 2 potions of berserk rage
 v - 2 potions of lignification
 E - 5 potions of degeneration
 F - a potion of might
 R - 2 potions of resistance
Books
 y - a book of Clouds

   Spells                             Type                      Level
   a - Mephitic Cloud                 Conjuration/Poison/Air       3
   b - Conjure Flame                  Conjuration/Fire             3
   c - Poisonous Cloud                Conjuration/Poison/Air       6
   d - Freezing Cloud                 Conjuration/Ice/Air          6
   e - Ring of Flames                 Charms/Fire                  7
 G - a book of Hinderance

   Spells                             Type                      Level
   a - Confusing Touch                Hexes                        2
   b - Confuse                        Hexes                        3
   c - Gell's Gravitas                Hexes/Translocation          3
   d - Petrify                        Transmutation/Earth          4
   e - Metabolic Englaciation         Hexes/Ice                    5
   f - Yara's Violent Unravelling     Hexes/Transmutation          5
 M - a book of Cantrips

   Spells                             Type                      Level
   a - Corona                         Hexes                        1
   b - Animate Skeleton               Necromancy                   1
   c - Summon Small Mammal            Summoning                    1
   d - Apportation                    Translocation                1
 O - a book of Beasts

   Spells                             Type                      Level
   a - Summon Butterflies             Summoning                    1
   b - Call Canine Familiar           Summoning                    3
   c - Summon Ice Beast               Ice/Summoning                4
   d - Summon Mana Viper              Hexes/Summoning              5
   e - Summon Hydra                   Summoning                    7
 P - a book of Power

   Spells                             Type                      Level
   a - Fulminant Prism                Conjuration/Hexes            4
   b - Iskenderun's Mystic Blast      Conjuration                  4
   c - Venom Bolt                     Conjuration/Poison           5
   d - Bolt of Magma                  Conjuration/Fire/Earth       5
   e - Iron Shot                      Conjuration/Earth            6
   f - Orb of Destruction             Conjuration                  7
   g - Spellforged Servitor           Conjuration/Summoning        7
Miscellaneous
 N - a plain deck of defence
Comestibles
 f - 9 bread rations
 j - 11 beef jerkies
 n - 12 meat rations
 z - 11 fruits
 S - a chunk of flesh


   Skills:
 + Level 8.3 Fighting
   Level 4.9(9.7) Short Blades
 * Level 12.7(13.0) Long Blades
 + Level 5.6 Armour
 + Level 10.3 Dodging
 - Level 0.4 Stealth
 + Level 10.7 Shields
 * Level 11.5 Invocations


You had 11 spell levels left.
You knew the following spells:

 Your Spells              Type           Power        Failure   Level  Hunger
a - Mephitic Cloud        Conj/Pois/Air  #.......     93%         3    ####...


Dungeon Overview and Level Annotations

Branches:
Dungeon (10/15)            Temple (1/1) D:6            Lair (8/8) D:10
  Swamp (0/4) Lair:4        Snake (0/4) Lair:4        Slime (0/6) Lair:7
    Orc (2/2) D:10            Elf (0/3) Orc:2

Altars:
Ashenzari
Cheibriados
Dithmenos
Elyvilon
Fedhas
Gozag
Kikubaaqudgha
Makhleb
Nemelex Xobeh
Okawaru
Pakellas
Qazlal
Ru
Sif Muna
Trog
Vehumet
Xom
Yredelemnul
Zin
The Shining One

Shops:
D:9 *   Orc:2 :*!

Annotations:
Lair:7 exclusion: oklob plant
Lair:8 Snorg


Innate Abilities, Weirdness & Mutations

You cannot wear boots.
Your serpentine skin is tough (AC +5).
You have supernaturally acute eyesight.
Armour fits poorly on your strangely shaped body.
Your system is resistant to poisons.
You cover ground very slowly.
You have a slow metabolism.
You can spit poison.
You can use your snake-like lower body to constrict enemies.
You are surrounded by a mild repulsion field (EV +2).
You have a somewhat thin skeletal structure (Dex +2, Stealth).
You possess an exceptional clarity of mind.
Your body sometimes deteriorates upon taking damage.
You have an increased reservoir of magic (+10% MP).
You passively map a small area around you.
Your muscles are strong. (Str +2)


Message History

Unknown command.
Drink which item? (? for menu, Esc to quit)
You feel much better.
The catoblepas is engulfed in roaring flames.
You block the catoblepas's attack.
The spiny frog stings you but does no damage.
Snorg bites you but does no damage. You block Snorg's attack. Snorg claws you!
* * * LOW HITPOINT WARNING * * *
You feel more protected from physical attacks.
Unknown command.
Unknown command.
Snorg is engulfed in freezing vapours.
You block Snorg's attack. x3
The catoblepas is engulfed in roaring flames.
The catoblepas breathes a plume of calcifying dust at you.
The blast of calcifying dust hits you!
Snorg is engulfed in freezing vapours.
Snorg bites you!
* * * LOW HITPOINT WARNING * * *
Your body deteriorates!
You feel clumsy. Snorg closely misses you. Snorg claws you!!
You die...

, , , , ,,
#####, , , ,
##.8.##*, * , ,
#.....# , ,
,#8.<.8# * ,
#.....# * ,
*##...####. , ,
P *#.§+##...# *
,,
.P..##§@Y..## ,
, ,#..TF8...# ,
, #...†.§§...#
, , ,
.....8..§..8..#
##.............
,
#.......8......
,
.....#.....#..?
,
..8..#.....#..8
* , ,
,.....#..8..#
.. ,


You could see Snorg (berserk), a catoblepas and a spiny frog.

Vanquished Creatures
  Rupert (Orc:2)
  Maud (Lair:3)
  An ogre mage (Volcano)
  Erica (Orc:1)
  8 death yaks
  5 orc high priests (Orc:2)
  A queen ant (Lair:4)
  4 hill giants
  A deep elf archer (Orc:2)
  7 orc knights
  A necromancer (D:10)
  An orc sorcerer (Orc:1)
  A manticore (D:10)
  2 griffons
  Psyche (D:10)
  3 black mambas
  A guardian serpent (Lair:4)
  2 torpor snails
  A centaur zombie (D:10)
  17 spiny frogs
  7 rime drakes
  10 komodo dragons
  2 trolls
  A polar bear (Lair:7)
  2 two-headed ogres (Volcano)
  Prince Ribbit (D:7)
  Grinder (D:5)
  16 blink frogs
  A slime creature (D:10)
  Sigmund (D:2)
  A wyvern (Lair:4)
  32 yaks
  Eustachio (D:4)
  3 basilisks
  A fire bat (Volcano)
  10 hippogriffs
  Edmund (D:4)
  A hungry ghost (D:10)
  Menkaure (D:4)
  13 wolves
  5 wargs
  18 soldier ants (Lair:4)
  5 porcupines
  12 water moccasins
  31 orc warriors
  Duvessa (D:5)
  A black bear (D:8)
  A necrophage (D:6)
  3 phantoms
  7 ogres
  4 ice beasts
  7 centaurs
  18 crocodiles
  3 big kobolds
  A gnoll sergeant (D:7)
  14 giant frogs
  Dowan (D:5)
  2 scorpions
  6 killer bees (D:8)
  7 wights (D:10)
  The ghost of tasslehoff34 the Gusty, a weakling DrAE of Kikubaaqudgha (D:3)
  4 howler monkeys (D:9)
  An electric eel (Lair:6)
  4 crimson imps
  5 lava snakes (Volcano)
  4 hounds
  19 orc priests
  7 jellies
  A gnoll shaman (D:10)
  11 orc wizards
  9 iguanas
  Ijyb (D:2)
  A yak simulacrum (D:10)
  Natasha (twice) (D:2)
  26 worker ants
  2 polar bear simulacra (D:10)
  6 wolf simulacra (D:10)
  7 sheep (Lair:5)
  A hound zombie (D:6)
  2 hound skeletons
  Robin (D:4)
  8 adders
  8 gnolls
  34 river rats
  A shadow imp (D:7)
  15 oozes
  An adder zombie (D:4)
  An adder skeleton (D:4)
  4 worms
  5 dart slugs
  4 giant geckos
  81 orcs
  4 giant cockroaches
  14 goblins
  20 hobgoblins
  19 jackals
  16 kobolds
  2 quokkas
  3 ball pythons
  18 bats
  A giant gecko skeleton (D:5)
  5 giant newts
  16 rats
  A river rat simulacrum (D:10)
  A spectral orc (D:3)
  A bush (Lair:6)
  45 fungi
  34 plants
790 creatures vanquished.

Vanquished Creatures (collateral kills)
  A black mamba (Lair:4)
  2 soldier ants (Lair:4)
  A worker ant (Lair:4)
4 creatures vanquished.

Vanquished Creatures (others)
  13 fungi
  7 plants
20 creatures vanquished.

Grand Total: 814 creatures vanquished

Notes
Turn   | Place    | Note
--------------------------------------------------------------
     0 | D:1      | chei the Naga Fighter began the quest for the Orb.
     0 | D:1      | Reached XP level 1. HP: 21/21 MP: 1/1
    97 | D:1      | Reached XP level 2. HP: 22/28 MP: 2/2
   423 | D:1      | Reached XP level 3. HP: 18/34 MP: 3/3
  1044 | D:2      | Noticed Ijyb
  1055 | D:2      | Killed Ijyb
  1055 | D:2      | Reached XP level 4. HP: 3/42 MP: 4/4
  1543 | D:2      | Noticed Sigmund
  1554 | D:2      | Killed Sigmund
  1554 | D:2      | Reached skill level 3 in Long Blades
  1554 | D:2      | Reached skill level 1 in Dodging
  1554 | D:2      | Reached XP level 5. HP: 36/50 MP: 5/5
  1554 | D:2      | Reached XP level 6. HP: 41/57 MP: 6/6
  1925 | D:2      | Found a white marble altar of Elyvilon.
  1975 | D:2      | Noticed Natasha
  1986 | D:2      | Killed Natasha
  2194 | D:2      | Noticed Natasha
  2201 | D:2      | Killed Natasha
  2536 | D:3      | Found a basalt altar of Yredelemnul.
  2680 | D:3      | Found a faded altar to an unknown god.
  2865 | D:3      | Became a worshipper of Qazlal Stormbringer
  2865 | D:3      | Reached * piety under Qazlal
  2906 | D:3      | Reached XP level 7. HP: 39/63 MP: 7/7
  3012 | D:3      | Noticed tasslehoff34's ghost (weakling DrAE)
  3033 | D:3      | Killed tasslehoff34's ghost
  3092 | D:3      | Reached skill level 1 in Short Blades
  3366 | D:3      | Reached ** piety under Qazlal
  3504 | D:4      | Noticed Edmund
  3521 | D:4      | Killed Edmund
  3521 | D:4      | Reached skill level 4 in Long Blades
  3521 | D:4      | Reached skill level 1 in Invocations
  3590 | D:4      | Noticed Eustachio
  3603 | D:4      | Noticed Robin
  3622 | D:4      | Killed Robin
  3677 | D:4      | Found an iron altar of Okawaru.
  3737 | D:4      | Reached XP level 8. HP: 70/72 MP: 9/9
  3998 | D:4      | Reached *** piety under Qazlal
  4008 | D:4      | Killed Eustachio
  4090 | D:4      | Noticed Menkaure
  4094 | D:4      | Killed Menkaure
  4601 | D:5      | Entered Level 5 of the Dungeon
  4701 | D:5      | Noticed Grinder
  4713 | D:5      | Killed Grinder
  4995 | D:5      | Noticed Duvessa
  5003 | D:5      | Noticed Dowan
  5004 | D:5      | Killed Duvessa
  5035 | D:5      | Killed Dowan
  5035 | D:5      | Reached skill level 5 in Shields
  5277 | D:5      | Reached XP level 9. HP: 78/78 MP: 11/11
  5850 | D:6      | Found a staircase to the Ecumenical Temple.
  5867 | Temple   | Entered the Ecumenical Temple
  6027 | D:6      | Found a bloodstained altar of Trog.
  6121 | D:6      | Reached **** piety under Qazlal
  6627 | D:7      | Noticed Prince Ribbit
  6796 | D:7      | Reached skill level 5 in Dodging
  6841 | D:7      | Killed Prince Ribbit
  6841 | D:7      | Reached skill level 5 in Fighting
  6841 | D:7      | Reached skill level 5 in Invocations
  7039 | D:7      | Found a sacrificial altar of Ru.
  7085 | D:7      | Reached XP level 10. HP: 77/88 MP: 13/13
  7372 | D:7      | Found a blossoming altar of Fedhas.
  7499 | D:8      | Found a stormy altar of Qazlal.
  7853 | D:8      | Reached ***** piety under Qazlal
  7892 | D:8      | Gained mutation: Your muscles are strong. (Str +2) [potion of mutation]
  7892 | D:8      | Gained mutation: Your tail ends in a poisonous barb. [potion of mutation]
  7892 | D:8      | Gained mutation: You possess an exceptional clarity of mind. [potion of mutation]
  7893 | D:8      | Gained mutation: You are surrounded by a mild repulsion field (EV +2). [potion of mutation]
  7893 | D:8      | Gained mutation: Your body sometimes deteriorates upon taking damage. [potion of mutation]
  8421 | D:9      | Found Muusent's Elemental Accessories.
  8888 | D:9      | Found an oddly glowing altar of Pakellas.
  8888 | D:9      | Found a deep blue altar of Sif Muna.
  8889 | D:9      | Found a bloodstained altar of Trog.
  8951 | D:10     | Entered Level 10 of the Dungeon
  9084 | D:10     | Noticed a hill giant
  9085 | D:10     | Noticed Psyche
  9089 | D:10     | Killed Psyche
  9089 | D:10     | Reached XP level 11. HP: 96/96 MP: 12/16
  9093 | D:10     | Killed a hill giant
  9156 | D:10     | Found a staircase to the Orcish Mines.
  9309 | D:10     | Noticed a hill giant
  9315 | D:10     | Killed a hill giant
  9347 | D:10     | Reached ****** piety under Qazlal
  9600 | D:10     | Noticed a necromancer
  9607 | D:10     | Killed a necromancer
  9607 | D:10     | Reached skill level 5 in Long Blades
  9780 | D:10     | Found a staircase to the Lair.
 10023 | D:10     | Noticed a manticore
 10035 | D:10     | Killed a manticore
 10243 | Lair:1   | Entered Level 1 of the Lair of Beasts
 10266 | Lair:1   | Reached skill level 5 in Armour
 10301 | Lair:1   | Reached skill level 6 in Long Blades
 10681 | Lair:1   | Reached XP level 12. HP: 62/106 MP: 14/17
 11665 | Lair:2   | Learned a level 3 spell: Mephitic Cloud
 11896 | Lair:3   | Reached skill level 7 in Long Blades
 12120 | Lair:3   | Noticed Maud
 12155 | Lair:3   | Reached skill level 8 in Long Blades
 12161 | Lair:3   | Killed Maud
 12331 | Lair:3   | Noticed a death yak
 12336 | Lair:3   | Killed a death yak
 12784 | Lair:4   | Noticed a queen ant
 12795 | Lair:4   | Killed a queen ant
 12795 | Lair:4   | Reached skill level 9 in Long Blades
 12795 | Lair:4   | Gained mutation: You can use your snake-like lower body to constrict enemies. [Naga growth]
 12795 | Lair:4   | Reached XP level 13. HP: 89/115 MP: 19/19
 12885 | Lair:4   | Got a slimy dire flail
 12891 | Lair:4   | Identified the +4 dire flail of the Ghost {flame, rC+} (You found it on level 4 of the Lair of Beasts)
 13020 | Lair:4   | Found a staircase to the Snake Pit.
 13210 | Lair:4   | Found a staircase to the Swamp.
 13706 | Lair:5   | Reached skill level 10 in Long Blades
 14080 | Lair:5   | Gained mutation: You have an increased reservoir of magic (+10% MP). [potion of mutation]
 14080 | Lair:5   | Gained mutation: You have a somewhat thin skeletal structure (Dex +2, Stealth). [potion of mutation]
 14080 | Lair:5   | Gained mutation: You passively map a small area around you. [potion of mutation]
 14162 | Lair:5   | Reached skill level 10 in Invocations
 15049 | Lair:6   | Reached skill level 11 in Long Blades
 15235 | Lair:6   | Found a sparkling altar of Nemelex Xobeh.
 15663 | Lair:7   | Reached XP level 14. HP: 123/123 MP: 23/23
 15677 | Lair:7   | Reached skill level 10 in Shields
 16161 | Lair:7   | Reached skill level 10 in Dodging
 16257 | Lair:7   | Found a glowing silver altar of Zin.
 16522 | Lair:7   | Found a staircase to the Slime Pits.
 16752 | Orc:1    | Entered Level 1 of the Orcish Mines
 16822 | Orc:1    | Noticed Erica
 16828 | Orc:1    | Killed Erica
 16846 | Orc:1    | Found a dark tunnel.
 16851 | Volcano  | Entered a volcano
 16959 | Volcano  | Paralysed by an ogre mage for 5 turns
 17157 | Volcano  | Found a burning altar of Makhleb.
 17192 | Volcano  | Found a bloodstained altar of Trog.
 17703 | Orc:2    | Entered Level 2 of the Orcish Mines
 17715 | Orc:2    | Noticed Rupert
 17716 | Orc:2    | Paralysed by Rupert for 4 turns
 17728 | Orc:2    | Killed Rupert
 17728 | Orc:2    | Reached skill level 12 in Long Blades
 18257 | Orc:2    | Found a staircase to the Elven Halls.
 19094 | Orc:2    | Found Jeumoric's Book Boutique.
 19097 | Orc:2    | Found Ipseum's Distillery.
 19098 | Orc:2    | Found Ydaqiar's Book Boutique.
 19099 | Orc:2    | Found Amas's Assorted Antiques.
 19103 | Orc:2    | Bought a potion of curing for 39 gold pieces
 19103 | Orc:2    | Bought a potion of mutation for 32 gold pieces
 19103 | Orc:2    | Bought a potion of heal wounds for 65 gold pieces
 19103 | Orc:2    | Gained mutation: You are clumsy. (Dex -2) [potion of mutation]
 19103 | Orc:2    | Lost mutation: You are clumsy. (Dex -2) [potion of mutation]
 19103 | Orc:2    | Lost mutation: Your tail ends in a poisonous barb. [potion of mutation]
 19106 | Orc:2    | Bought a scroll labeled KOOLIFF KEISO for 32 gold pieces
 19106 | Orc:2    | Bought a pair of gloves for 144 gold pieces
 19364 | Lair:5   | Reached XP level 15. HP: 132/132 MP: 25/25
 19424 | Lair:8   | Entered Level 8 of the Lair of Beasts
 19436 | Lair:8   | Noticed Snorg
 19446 | Lair:8   | Slain by Snorg

Vault maps used:
D:1:      matt_arrival_diagonals
D:2:      marbit_many_paths, first_bread, uniq_natasha, uniq_sigmund, uniq_iyjb
D:3:      yredelemnul_forgotten_temple_becter, ecumenical_altar_2
D:4:      okawaru_gym_becter, corexii_leaking_fountain, wad_orctagon,
          uniq_menkaure, uniq_eustachio, uniq_edmund, uniq_robin
D:5:      kennysheep_generic_room_13, uniq_duvessa, uniq_grinder
D:6:      minmay_temple_entry_water_ring, basic_altar, hangedman_decor_lopped
D:7:      kennysheep_little_box, nicolae_ru_sacrificial_ziggurat,
          uniq_prince_ribbit1
D:8:      lemuel_doored_altar
D:9:      gammafunk_temple_overflow_forgotten, grunt_ogre_cave,
          nicolae_elemental_shop
D:10:     lemuel_slime, grunt_lair_entry_orc_guard_hut,
          minmay_orc_entry_guard_dogs, eino_house_with_fridge, uniq_psyche
Temple:   circular_temple_pool_12
Lair:1:   beast_lair_carwin_4
Lair:2:   lemuel_old_faithful
Lair:3:   uniq_maud
Lair:4:   minmay_swamp_entry_reptiles, minmay_snake_entry_spellcaster,
          minivault_29
Lair:5:   minivault_25
Lair:6:   basic_altar, minmay_lair_drake_nest, lemuel_fruit_tree,
          serial_bayou_shore_a
Lair:7:   minmay_slime_entry_oklob_open, lemuel_centaur_altar,
          grunt_megastairs_5
Lair:8:   hangedman_lair_caniforms_friends, guppyfry_lair_end_dragon,
          grunt_megastairs_3, uniq_snorg
Orc:1:    nicolae_volcano_entry_s_turn, uniq_erica
Orc:2:    st_orc_pillars, uniq_rupert
Volcano:  volcano_grotto

Skill      XL: |  1  2  3  4  5  6  7  8  9 10 11 12 13 14 |
---------------+-------------------------------------------+-----
Armour         | 3 4 5 |  5.6
Long Blades    | 3 4 6 9 11 12 | 12.7
Dodging        | 1 2 3 5 7 8 9 10 | 10.3
Shields        | 3 4 5 6 7 8 9 10 | 10.7
Short Blades   | 1 3 4 |  4.9
Invocations    | 1 3 5 6 7 9 10 11 | 11.5
Fighting       | 4 5 6 7 8 |  8.3
Stealth        | |  0.4

Action                   |  1- 3 |  4- 6 |  7- 9 | 10-12 | 13-15 || total
-------------------------+-------+-------+-------+-------+-------++-------
Melee: Long sword        |    94 |     2 |       |       |       ||    96
       Dagger            |       |   201 |    40 |       |       ||   241
       Short sword       |       |       |   479 |   258 |       ||   737
       Scimitar          |       |       |       |   386 |       ||   386
       Double sword      |       |       |       |    29 |   576 ||   605
Invok: Upheaval          |       |       |     1 |    10 |    12 ||    23
       Elemental Force   |       |       |       |       |     2 ||     2
       Disaster Area     |       |       |       |       |     2 ||     2
 Abil: Spit Poison       |     1 |     1 |     6 |     6 |     4 ||    18
       Evoke Invisibilit |       |       |       |     1 |       ||     1
Evoke: Wand              |       |       |       |     2 |     1 ||     3
  Use: Potion            |     1 |       |       |    10 |     5 ||    16
       Scroll            |       |       |     8 |    21 |     7 ||    36
 Stab: Invisible         |       |       |       |     3 |       ||     3
  Eat: Chunk             |       |     5 |     8 |    11 |    15 ||    39
       Pizza             |       |       |     1 |     1 |       ||     2
       Beef jerky        |       |       |     1 |       |     1 ||     2
       Fruit             |       |       |       |     2 |     5 ||     7
       Meat ration       |       |       |       |     1 |       ||     1
       Royal jelly       |       |       |       |     1 |       ||     1
